 Dungeon Crawl Stone Soup version 0.28-a0-474-g535839065c (webtiles) character file.

Game seed: 16602339059879811460

1816 Spaninq the Thaumaturge (level 8, -6/64 HPs)
             Began as a Mummy Cinder Acolyte on Sept 15, 2021.
             Was a High Priest of Ignis.
             Mangled by a two-headed ogre (31 damage)
             ... on level 6 of the Dungeon.
             The game lasted 00:16:23 (7814 turns).

Spaninq the Thaumaturge (Mummy Cinder Acolyte)      Turns: 7814, Time: 00:16:24

Health: -6/64      AC:  8    Str: 22    XL:     8   Next: 85%
Magic:  14/20      EV: 10    Int: 15    God:    Ignis [*****.]
Gold:   257        SH:  0    Dex:  8    Spells: 22/24 levels left

rFire   + . .      SeeInvis .   a - -1 hand axe (flame)
rCold   + + .      Faith    .   (no shield)
rNeg    + + +      Spirit   .   n - +2 ring mail of Dochieh {Str+5 Stlth+}
rPois   ∞          Reflect  .   (no helmet)
rElec   .          Harm     .   (no cloak)
rCorr   .          Rampage  .   k - +0 pair of gloves
Will    +....                   (no boots)
Stlth   +.........              (no amulet)
HPRegen 0.20/turn               i - ring of flight
MPRegen 0.17/turn               m - ring "Guug" {rF+ rC+}

@: flying
A: cold resistance 1, negative energy resistance 3, torment resistance 2, heat
vulnerability 1, no potions
a: Renounce Religion, Sea of Fire, Foxfire Swarm, Rising Flame


You were on level 6 of the Dungeon.
You worshipped Ignis.
Ignis was extremely pleased with you.
You visited 2 branches of the dungeon, and saw 7 of its levels.

You collected 257 gold pieces.

Inventory:

Hand Weapons
 a - a -1 hand axe of flaming (weapon)
Armour
 k - a +0 pair of gloves (worn)
 n - the +2 ring mail of Dochieh (worn) {Str+5 Stlth+}
   (You found it on level 5 of the Dungeon)

   Str:       It affects your strength (+5).
   Stlth:     It makes you more stealthy.
Jewellery
 i - a ring of flight (left hand)
 m - the ring "Guug" (right hand) {rF+ rC+}
   (You found it on level 5 of the Dungeon)

   [ring of protection from cold]

   rF:        It protects you from fire.
   rC:        It protects you from cold.
Wands
 o - a wand of acid (7)
Scrolls
 c - 2 scrolls of teleportation
 d - 2 scrolls of fog
 f - a scroll of silence
 g - a scroll of enchant armour
 h - 2 scrolls of magic mapping {unknown}
 j - a scroll of enchant weapon {unknown}
 l - a scroll of acquirement {unknown}


   Skills:
 + Level 5.7 Fighting
 - Level 2.4 Axes
 + Level 1.7 Armour
 * Level 8.5 Spellcasting
 * Level 6.4 Fire Magic


You had 22 spell levels left.
You knew the following spells:

 Your Spells              Type           Power      Damage    Failure   Level
a - Scorch                Fire           50%        2d8       1%          2

Your spell library contained the following spells:

 Spells                   Type           Power      Damage    Failure   Level
 Sting                    Tmut/Pois      24%        1d4       19%         1
 Poisonous Vapours        Pois/Air       12%        N/A       28%         2
 Ozocubu's Armour         Ice            6%         N/A       50%         3
 Olgreb's Toxic Radiance  Pois           6%         N/A       88%         4
 Ozocubu's Refrigeration  Ice            3%         4d5       100%        7


Dungeon Overview and Level Annotations

Branches:
Dungeon (6/15)             Temple (1/1) D:5

Altars:
Cheibriados
Elyvilon
Hepliaklqana
Kikubaaqudgha
Nemelex Xobeh
Okawaru
Qazlal
Ru
Sif Muna
Trog
Vehumet
Wu Jian
Xom
Yredelemnul

Shops:
D:6 **


Innate Abilities, Weirdness & Mutations

You are immune to poison.
Your flesh is cold resistant. (rC+)
You are immune to negative energy. (rN+++)
You are immune to unholy pain and torment.
You are vulnerable to heat. (rF-)
You do not drink.


Message History

You fly downwards.
There is a stone staircase leading up here.
Magic restored.
There is an open door here.
There is an open door here.
There is an open door here.
Things that are here:
a +0 chain mail; a +1 vorpal mace
Found a stone staircase leading down.
Found a stone staircase leading up.
There is a stone staircase leading up here.
There is a stone staircase leading down here.
Items here: ! ( ) ? ÷.
A two-headed ogre is nearby!
Items here: ! ( ) ? ÷.
Aiming: Corrosive Bolt
Press: ? - help, Shift-Dir - straight line, f - two-headed ogre
Aim: a two-headed ogre, wielding a +0 giant spiked club and a +0 giant club (86% to hit)
The bolt of acid hits the two-headed ogre!
The acid corrodes the two-headed ogre!
The two-headed ogre is lightly wounded.
The two-headed ogre hits you with a +0 giant spiked club!
The two-headed ogre hits you with a +0 giant club!
Casting: Scorch (safe; 1% risk of failure)
Confirm with . or Enter, or press ? or * to list all spells.
Flames lash the two-headed ogre.
The two-headed ogre is moderately wounded.
The two-headed ogre's fire resistance burns away.
Casting: Scorch (safe; 1% risk of failure)
Confirm with . or Enter, or press ? or * to list all spells.
Flames lash the two-headed ogre.
The two-headed ogre is burned terribly!
The two-headed ogre is moderately wounded.
The two-headed ogre closely misses you.
The two-headed ogre hits you with a +0 giant club!
Casting: Scorch (safe; 1% risk of failure)
Confirm with . or Enter, or press ? or * to list all spells.
Flames lash the two-headed ogre.
The two-headed ogre is burned terribly!
The two-headed ogre is severely wounded.
The two-headed ogre hits you with a +0 giant spiked club!!
You die...

.............#.#..##...###.#
#####........#.#..#∩.O.∩#..#
....#........#.#..##...#####
....#...#....#.#..##...#
....#...#......#.#.##.##
....#........###.#.##.#
....'........# #.#.##.##
....#........# #.#..[..##
....#........###@#......#
....'..........#O#...#.##
....#...#....#.#.##....#
....#...#....#.........####
....#...#...!###.##.......#
....#...#......#.#....###.#
#####.>.#..[.#.#.#...## #.######
........#....#.#.##..####......#
........#......#.##.....######.#


You could see a two-headed ogre (combustible, corroded).

Vanquished Creatures
  2 necrophages
  2 black bears
  A sky beast (D:3)
  A hornet zombie (D:6)
  3 centaurs
  3 ogres
  2 scorpions
  A water moccasin skeleton (D:3)
  A howler monkey (D:5)
  2 orc priests
  A hound (D:3)
  Terence (D:3)
  Jessica (D:3)
  4 iguanas
  A scorpion zombie (D:5)
  4 orc wizards (D:5)
  A hound skeleton (D:4)
  4 gnolls
  7 adders
  An ufetubus (D:6)
  2 worms (D:2)
  A dart slug (D:1)
  14 orcs
  8 ball pythons
  4 endoplasms
  A giant cockroach (D:3)
  7 goblins
  7 hobgoblins
  3 jackals (D:2)
  5 kobolds
  3 quokkas
  5 bats
  4 frilled lizards
  2 rats
109 creatures vanquished.

Vanquished Creatures (others)
  5 plants (D:5)
5 creatures vanquished.

Grand Total: 114 creatures vanquished

Notes
Turn   | Place    | Note
-------+----------+-------------------------------------------
     0 | D:1      | Spaninq the Mummy Cinder Acolyte began the quest for the
                  | Orb.
     0 | D:1      | Reached XP level 1. HP: 18/18 MP: 2/2
   489 | D:1      | Reached skill level 2 in Spellcasting
   489 | D:1      | Reached XP level 2. HP: 10/24 MP: 5/5
   666 | D:1      | Learned a level 2 spell: Scorch
  1236 | D:1      | Reached XP level 3. HP: 7/29 MP: 0/7
  1573 | D:2      | Reached skill level 3 in Spellcasting
  1838 | D:2      | Reached XP level 4. HP: 35/35 MP: 1/8
  2004 | D:2      | You fall into a shaft and drop 2 floors!
  2197 | D:3      | Noticed a scorpion
  2208 | D:3      | Killed a scorpion
  2209 | D:3      | Reached skill level 4 in Spellcasting
  2209 | D:3      | Reached XP level 5. HP: 22/42 MP: 2/11
  2373 | D:3      | Noticed Jessica
  2375 | D:3      | Killed Jessica
  2513 | D:3      | Noticed a sky beast
  2523 | D:3      | Killed a sky beast
  2524 | D:3      | Reached XP level 6. HP: 28/48 MP: 0/13
  3086 | D:3      | Noticed Terence
  3282 | D:3      | Killed Terence
  3283 | D:3      | Reached skill level 5 in Spellcasting
  4317 | D:4      | Reached XP level 7. HP: 55/55 MP: 10/15
  4380 | D:4      | Found a basalt altar of Yredelemnul.
  4478 | D:4      | Reached skill level 6 in Spellcasting
  4611 | D:4      | Reached skill level 5 in Fire Magic
  4780 | D:4      | Found an ancient bone altar of Kikubaaqudgha.
  4780 | D:4      | Found a hazy altar of Hepliaklqana.
  4943 | D:5      | Entered Level 5 of the Dungeon
  5751 | D:5      | Reached skill level 5 in Fighting
  5751 | D:5      | Reached skill level 7 in Spellcasting
  5782 | D:5      | Reached XP level 8. HP: 62/62 MP: 4/18
  5793 | D:5      | Identified the ring "Guug" {rF+ rC+}
  6217 | D:5      | Identified the +2 ring mail of Dochieh {Str+5 Stlth+}
  6510 | D:5      | Found a staircase to the Ecumenical Temple.
  6516 | Temple   | Entered the Ecumenical Temple
  6909 | D:6      | Reached skill level 1 in Armour
  6961 | D:6      | Found a sacrificial altar of Ru.
  7093 | D:6      | Reached skill level 8 in Spellcasting
  7297 | D:6      | Noticed a two-headed ogre
  7549 | D:6      | Found Zitan's Specific Store.
  7550 | D:6      | Found Dieduro's General Store.
  7814 | D:6      | Mangled by a two-headed ogre

Illustrated notes

Levels and vault maps discovered:
D:1:      psy_arrival_radial01, layout_loops_ring
D:2:      layout_rooms
D:3:      layout_loops_ring, minmay_misc_feat_five, minmay_unequal,
          uniq_jessica, uniq_terence
D:4:      layout_cave_pools, mainiacjoe_overflow_alcove_1,
          gammafunk_temple_overflow_wave
D:5:      layout_cave_pools, minmay_temple_entry_fiery, wad_floor_pattern_1,
          serial_bayou_lake_a
D:6:      layout_basic, nicolae_ru_path_of_blood, nicolae_specific_store,
          minmay_fractal_squares_gapless_5
Temple:   compressed_dpeg_circular_temple

Skill      XL: |  1  2  3  4  5  6  7  8 |
---------------+-------------------------+-----
Spellcasting   | 2 3 4 5 7 8 |  8.5
Fire Magic     | 3 4 5 6 |  6.4
Fighting       | 4 5 |  5.7
Armour         | 1 |  1.7
Axes           | |  2.4

Action                   |  1- 3 |  4- 6 |  7- 9 || total
-------------------------+-------+-------+-------++-------
Melee: Hand axe          |    30 |    25 |    13 ||    68
 Cast: Scorch            |    25 |    75 |   107 ||   207
Evoke: Wand              |       |       |     1 ||     1
  Use: Scroll            |       |       |     5 ||     5
 Stab: Sleeping          |     1 |       |       ||     1
Armor: Robe              |    16 |    11 |       ||    27
       Ring mail         |       |       |    33 ||    33
Dodge: Dodged            |    30 |    36 |    50 ||   116

Table legend: (Time is in decaauts)
 A = Elapsed time spent in this place.
 B = Non-inter-level travel time spent in this place.
 C = Inter-level travel time spent in this place.
 D = Time resting spent in this place.
 E = Time spent auto-exploring this place.
 F = Levels seen in this place.
 G = Mean time per level.
                   A        B        C        D        E       F      G
               +--------+--------+--------+--------+--------+-----+--------+
         Total |   7846 |   7615 |    231 |   2262 |   3968 |   7 | 1120.9 |
       Dungeon |   7757 |   7533 |    224 |   2262 |   3895 |   6 | 1292.8 |
        Temple |     88 |     81 |      7 |      0 |     73 |   1 |   88.0 |
               +--------+--------+--------+--------+--------+-----+--------+

Top non-repeatable levels by time:
     D:3: 1777 daAuts
     D:1: 1608 daAuts
     D:4: 1390 daAuts
     D:5: 1201 daAuts
     D:6: 1026 daAuts
     D:2: 754 daAuts
  Temple: 88 daAuts
